 Dungeon Crawl Stone Soup version 0.28.0-43-g3370ac3207 (webtiles) character file.

Game seed: 12887442579211647762

123 demenzo the Scratcher (level 4, -1/20 HPs)
             Began as a Felid Transmuter on Mar 30, 2022.
             Was an Initiate of Ashenzari.
             Killed by divine providence
             ... invoked by an orc priest
              (13 damage)
             ... on level 4 of the Dungeon.
             The game lasted 00:09:04 (3071 turns).

demenzo the Scratcher (Felid Transmuter)            Turns: 3071, Time: 00:09:05

Health: -1/20      AC:  1    Str:  6    XL:     4   Next: 80%
Magic:  8/8        EV: 20    Int: 16    God:    Ashenzari [......]
Gold:   36         SH:  5    Dex: 23    Spells: 3/7 levels left
                                        Lives:  0   Deaths: 1

rFire   . . .      SeeInvis +     - Unarmed
rCold   . . .      Faith    .   (shield unavailable)
rNeg    . . .      Spirit   .   (armour unavailable)
rPois   .          Reflect  +   (helmet unavailable)
rElec   .          Harm     .   (cloak unavailable)
rCorr   .          Rampage  .   (gloves unavailable)
Will    .....                   (boots unavailable)
Stlth   +++.......              g - amulet of reflection
HPRegen 0.06/turn               e - +6 ring of dexterity
MPRegen 0.11/turn               (no ring)

@: appendages (expiring), quick
A: horns 2, very small, claws 1, fangs 3, see invisible, speed 1, shaggy fur 1,
stealthy paws, no weapons or thrown items, no armour, multi-lived
a: End Transformation, Renounce Religion


You were on level 4 of the Dungeon.
You worshipped Ashenzari.
Ashenzari was noncommittal.
You had temporarily grown beastly horns.
You visited 2 branches of the dungeon, and saw 5 of its levels.

You collected 64 gold pieces.
You spent 28 gold pieces at shops.

Inventory:

Jewellery
 e - a +6 ring of dexterity (left paw)
 g - an amulet of reflection (around neck)
Scrolls
 b - 3 scrolls of enchant weapon {unknown}
 c - a scroll of silence {unknown}
 d - 2 scrolls of immolation {unknown}
 f - a scroll of holy word {unknown}
 i - a scroll of brand weapon {unknown}
 j - a scroll of noise {unknown}
 k - 2 scrolls of identify
Potions
 a - a potion of mutation
 h - a potion of lignification
 l - a potion of resistance {unknown}


   Skills:
 + Level 2.3 Fighting
 + Level 4.0 Dodging
 + Level 3.0 Stealth
 * Level 4.4 Unarmed Combat
 - Level 2.0 Spellcasting
 + Level 3.1 Transmutations


You had 3 spell levels left.
You knew the following spells:

 Your Spells              Type           Power      Damage    Failure   Level
a - Beastly Appendage     Tmut           22%        N/A       5%          1
b - Spider Form           Tmut/Pois      6%         N/A       32%         3

Your spell library contained the following spells:

 Spells                   Type           Power      Damage    Failure   Level
 Wereblood                Tmut           11%        N/A       9%          2
 Passwall                 Tmut/Erth      5%         N/A       16%         2
 Sandblast                Erth           2%         2d4       21%         1
 Stone Arrow              Conj/Erth      2%         3d7       52%         3
 Ice Form                 Ice/Tmut       6%         N/A       71%         4


Dungeon Overview and Level Annotations

Branches:
Dungeon (4/15)             Temple (1/1) D:4

Altars:
Ashenzari
Cheibriados
Dithmenos
Elyvilon
Fedhas
Hepliaklqana
Kikubaaqudgha
Makhleb
Okawaru
Trog
Uskayaw
Xom

Shops:
D:2 ?

Annotations:
D:4 Blork the orc


Innate Abilities, Weirdness & Mutations

You have temporarily grown beastly horns.
You have sharp claws.
You have razor-sharp teeth.
You have supernaturally acute eyesight. (SInv)
You cover ground quickly. (Speed+)
You are covered in fur. (AC +1)
Your paws help you pounce on unaware monsters.
You are incapable of wielding weapons or throwing items.
You cannot wear armour.
You gain extra lives every three experience levels.


Message History

Partly explored, can't reach some places.
Really walk into a travel-excluded area?
You pounce on the unaware helpless hound!
You mangle the hound!!
You kill the hound!
Your Dodging skill increases to level 4!
Your Stealth skill increases to level 3!
Press: ? - help, v - describe, . - travel, g - get item Item here: a hound corpse.
The floor, spattered with blood.
Reduced exclusion size to a single square.
Removed exclusion.
You see here a hound corpse.
An orc is nearby!
An orc is nearby!
An orc is nearby!
Casting: Beastly Appendage (safe; 5% risk of failure)
Confirm with . or Enter, or press ? or * to list all spells.
You grow a pair of large bovine horns.
The orc shouts!
You hear a shout!
The orc shouts!
You scratch the orc. You headbutt the orc.
The orc is severely wounded.
The orc completely misses you.
You closely miss the orc. You headbutt the orc, but do no damage.
The orc is severely wounded.
The orc barely misses you.
You scratch the orc.
You kill the orc!
The orc priest looks braver for a moment.
You closely miss the orc priest.
Your transformation is almost over.
There is an open door here.
There is a staircase to the Ecumenical Temple here.
The orc priest invokes the aid of Beogh against you.
Beogh smites you!
The orc priest calls down the wrath of Beogh upon you.
Beogh smites you!
Ouch! That really hurt!
You die...

#.........#####...#
#..#####.....##...# ##.#
#..##.##...# #.#
#..##.###'## #.#
#........... ###.###
##.#####..## ###'###
#.### #.##
..####⌠.⌠#####...# #.#
#..#..(.#.@.+.....#.# #.#
#..######⌠.⌠#####.#.# #.#
#..# ###'### #.#.# #.###
#..# ###.### #.#.# #.†..
#..## #o# #.#.# ####.
######... #o# ##.#.# #.
........# ####o#####....#
####.
#.###..####...........###
#....
#.....)..oo.###.##.####
#....


You could see an orc priest and 2 orcs.

Vanquished Creatures
  2 hounds (D:4)
  Natasha (thrice) (D:2)
  2 adders
  A worm (D:2)
  4 orcs
  2 endoplasms
  3 giant cockroaches (D:1)
  7 goblins
  3 hobgoblins
  5 jackals (D:2)
  5 quokkas
  5 ball pythons
  4 bats
  A frilled lizard (D:2)
  4 kobolds
  8 rats
59 creatures vanquished.

Notes
Turn   | Place    | Note
-------+----------+-------------------------------------------
     0 | D:1      | demenzo the Felid Transmuter began the quest for the Orb.
     0 | D:1      | Reached XP level 1. HP: 9/9 MP: 4/4
   261 | D:1      | Reached XP level 2. HP: 12/12 MP: 4/6
   573 | D:1      | Reached skill level 1 in Stealth
  1043 | D:2      | Noticed Natasha
  1044 | D:2      | Killed Natasha
  1045 | D:2      | Reached XP level 3. HP: 15/15 MP: 7/7
  1392 | D:2      | Found Edwost's Magic Scroll Shoppe.
  1407 | D:2      | Reached XP level 4. HP: 8/19 MP: 6/8
  1621 | D:2      | Learned a level 3 spell: Spider Form
  1623 | D:2      | Bought a scroll of identify for 28 gold pieces
  1645 | D:2      | Noticed Natasha
  1656 | D:2      | Killed Natasha
  1713 | D:2      | Noticed Natasha
  1987 | D:2      | Killed Natasha
  2258 | D:2      | Reached XP level 5. HP: 14/22 MP: 7/9
  2546 | D:2      | You fall into a shaft and drop 2 floors!
  2578 | D:4      | Found a staircase to the Ecumenical Temple.
  2583 | Temple   | Entered the Ecumenical Temple
  2668 | Temple   | Became a worshipper of Ashenzari the Shackled
  2909 | D:4      | Noticed Blork the orc
  2917 | D:4      | Slain by Blork the orc
  2918 | D:4      | Reached XP level 4. HP: 0/19 MP: 8/8
  3071 | D:4      | Killed from afar by an orc priest

Illustrated notes

Levels and vault maps discovered:
D:1:      amcnicky_arrival_double_pillar, layout_loops_ring
D:2:      layout_rooms, serial_shops, nicolae_shop_trees,
          hangedman_feature_mirror, minmay_tetromino_l2, uniq_natasha
D:3:      layout_rooms, minmay_misc_feat_alley
D:4:      layout_loops_ring, old_standard_altar, temple_doors_e, nrook_uturn,
          uniq_blork_the_orc
Temple:   nicolae_temple_hex_pool

Skill      XL: |  1  2  3  4 |
---------------+-------------+-----
Dodging        | 3 4 |  4.0
Stealth        | 1 3 |  3.0
Fighting       | 2 |  2.3
Unarmed Combat | 4 |  4.4
Transmutations | 3 |  3.1
Spellcasting   | |  2.0

Action                   |  1- 3 |  4- 6 || total
-------------------------+-------+-------++-------
Melee: Unarmed           |    74 |    77 ||   151
       Bite              |     8 |     3 ||    11
       Headbutt          |     6 |    15 ||    21
       Punch             |       |     2 ||     2
 Cast: Beastly Appendage |    12 |    18 ||    30
       Spider Form       |       |     1 ||     1
  Use: Scroll            |       |     3 ||     3
       Potion            |       |     1 ||     1
 Stab: Sleeping          |     6 |     3 ||     9
Armor: Skin              |    10 |     3 ||    13
Dodge: Dodged            |    68 |    42 ||   110
Block: Other             |    10 |    16 ||    26
